Cogmind - Beta 10.1 @@@ ROGUE MODE // 2020.09.27 @ 00:56:51 Player: Peace Result: Self-destructed Performance ------------- Evolutions (3) 1500 Regions Visited (9) 1800 Robots Destroyed (86) 430 Value Destroyed (1714) 1714 Prototype IDs (7) 140 Alien Tech Used (0) 0 Bonus (1099) 1099 TOTAL SCORE: 6683 Bonus ------- Follower Combat Kills 799 Aligned with FarCom 300 Cogmind --------- Core Integrity 580/700 Matter 300/300 Energy 200/200 System Corruption 0% Temperature Cool (0) Movement Flying (117) Ox1 Location -7/Factory Parts ------- > --- POWER (2) -------- Micro Nuclear Core Micro Nuclear Core > --- PROPULSION (4) --- Flight Unit Cesium-ion Thruster > --- UTILITY (5) ------ Terrain Scanner Terrain Scan Processor Transport Network Coupler Improved Utility Shielding > --- WEAPON (2) ------- Powered Hammer > --- INVENTORY (4) ---- Micro Nuclear Core High-capacity Battery (400) Component Analysis Suite Powered Hammer Peak State ------------ > --- POWER ------------ Micro Nuclear Core Micro Nuclear Core > --- PROPULSION ------- Flight Unit Flight Unit Cesium-ion Thruster Xenon Bombardment Thruster > --- UTILITY ---------- Terrain Scanner Terrain Scan Processor Transport Network Coupler Improved Utility Shielding > --- WEAPON ----------- Powered Hammer > --- INVENTORY -------- Micro Nuclear Core High-capacity Battery Component Analysis Suite Powered Hammer [Rating: 29] Favorites ----------- Power Light Ion Engine Engine Light Ion Engine Power Core Light Nuclear Core Propulsion Flight Unit Treads Improved Treads Leg Aluminum Leg Flight Unit Flight Unit Utility Large Storage Unit Device Terrain Scanner Storage Large Storage Unit Processor Improved Signal Interpreter Protection Improved Utility Shielding Weapon Heavy Assault Rifle Energy Gun Small Laser Energy Cannon Latent Energy Streamer Ballistic Gun Heavy Assault Rifle Ballistic Cannon Improved Light Cannon Launcher Rocket Launcher Special Weapon Mining Laser Impact Weapon Powered Hammer Build | -11 -10 -10 -9 -9 -9 -8 -8 -8 -7 ------- Run | Scr Mat Min Mat Min Exi Min Mat Sto Fac Slots Evolved 6 | . . . 2 . . . 2 . 2 Power 1 | . . . . . . . 1 . . Propulsion 2 | . . . 1 . . . . . 1 Utility 3 | . . . 1 . . . 1 . 1 Weapon . | . . . . . . . . . . Parts Attached 91 | . 16 . 35 6 4 10 . 12 8 Power 18 | . 5 . 5 . . 2 . 4 2 Engine 13 | . 4 . 5 . . 2 . 2 . Core 5 | . 1 . . . . . . 2 2 Reactor . | . . . . . . . . . . Propulsion 27 | . 4 . 11 2 2 4 . 1 3 Treads 9 | . . . 5 2 1 1 . . . Leg 11 | . 4 . 6 . 1 . . . . Wheel . | . . . . . . . . . . Hover . | . . . . . . . . . . Flight 7 | . . . . . . 3 . 1 3 Utility 11 | . 2 . 3 . . 2 . 3 1 Device 5 | . . . 2 . . 1 . 2 . Storage 1 | . 1 . . . . . . . . Processor 4 | . 1 . 1 . . 1 . 1 . Hackware . | . . . . . . . . . . Protection 1 | . . . . . . . . . 1 Artifact . | . . . . . . . . . . Weapon 35 | . 5 . 16 4 2 2 . 4 2 Energy Gun 2 | . . . 2 . . . . . . Energy Cannon 1 | . . . . . 1 . . . . Ballistic Gun 16 | . 3 . 9 2 1 1 . . . Ballistic Cannon 3 | . 2 . . . . . . 1 . Launcher 6 | . . . 3 2 . . . 1 . Special Weapon 5 | . . . 2 . . 1 . 2 . Impact Weapon 2 | . . . . . . . . . 2 Slashing Weapon . | . . . . . . . . . . Piercing Weapon . | . . . . . . . . . . Special Melee Weapon . | . . . . . . . . . . Unidentified Prototypes 3 | . . . . . 2 . . 1 . Parts Lost 18 | . 1 . 11 . . 3 . 1 2 Power 1 | . 1 . . . . . . . . Propulsion 7 | . . . 3 . . 2 . . 2 Utility 2 | . . . 2 . . . . . . Weapon 8 | . . . 6 . . 1 . 1 . Highest Loss Streak 4 | . 1 . 4 . . 3 . 1 2 Average Slot Usage (%) 86 | . 98 100 91 87 87 78 63 68 82 Engine 9 | . 10 14 11 11 11 11 9 5 3 Core 2 | . 3 . . . . . . 6 11 Treads 10 | . . . 15 32 32 17 . . . Leg 10 | . 27 28 14 . . . . . . Flight 8 | . . . . . . 9 27 27 30 Device 5 | . . . 11 . . 2 9 9 7 Storage 8 | . 14 14 11 11 11 9 . . . Processor 11 | . 12 14 7 11 11 10 9 12 15 Ballistic Gun 13 | . 16 28 15 21 22 16 . . . Ballistic Cannon 1 | . 8 . . . . . . . . Special Weapon 2 | . . . 2 . . 2 9 7 . Naked Turns . | . . . . . . . . . . Heaviest Build 32 | 10 27 25 30 29 29 32 5 13 18 Greatest Support 69 | 20 20 20 69 69 66 46 12 12 21 Greatest Overweight (x) 2 | . 2 1 2 . . . . 2 1 Average Overweight (x) . | . . 1 . . . . . . . Largest Inventory Capacity 10 | 6 10 10 10 10 10 10 4 4 4 Average Capacity 7 | 6 7 10 10 10 10 9 4 4 4 Most Carried 10 | 5 7 7 10 10 10 10 4 4 4 Average Carried 6 | 4 5 6 9 9 10 7 4 3 3 Final Capacity 10 | 6 10 10 10 10 10 4 4 4 4 Final Carried 10 | 2 7 7 10 10 10 4 4 4 4 Class Distribution -------------------- 55% | Mutant 16% | Scavenger-Scout 15% | Scavenger-Mutant 8% | Scout Dominant Class ---------------- Mutant | -10/Materials Mutant | -10/Mines Scavenger-Mutant | -9/Materials Mutant | -9/Mines Mutant | -9/Exiles Mutant | -8/Mines Scout | -8/Materials Scavenger-Scout | -8/Storage Scavenger-Scout | -7/Factory Resources | -11 -10 -10 -9 -9 -9 -8 -8 -8 -7 ----------- Run | Scr Mat Min Mat Min Exi Min Mat Sto Fac Matter Collected 2138 | 200 298 . 920 188 . 222 . 240 70 Remotely . | . . . . . . . . . . Salvage Created 2835 | . 517 . 1200 126 . 473 . 296 223 Parts 187 | . 32 . 93 12 . 18 . 24 8 Haulers Intercepted 9 | . 1 . . . . . . 5 3 Recyclers Shooed 6 | . . . 3 2 . 1 . . . Parts Field Recycled . | . . . . . . . . . . Retrieved Matter . | . . . . . . . . . . Parts Self-Destructed . | . . . . . . . . . . Prevented . | . . . . . . . . . . Kills | -11 -10 -10 -9 -9 -9 -8 -8 -8 -7 ------- Run | Scr Mat Min Mat Min Exi Min Mat Sto Fac Combat Hostiles Destroyed 53 | . 12 . 26 9 . 6 . . . Guns 30 | . 4 . 16 4 . 6 . . . Cannons 9 | . 8 . 1 . . . . . . AOE 14 | . . . 9 5 . . . . . Classes Destroyed 11 | . 5 . 6 . . . . . . Worker 2 | . 1 . 1 . . . . . . Builder 5 | . . . 5 . . . . . . Hauler 9 | . 1 . . . . . . 5 3 Recycler 9 | . . . 4 1 . 4 . . . Operator 1 | . . . 1 . . . . . . Watcher 7 | . 3 . 2 . . . . . 2 Swarmer 23 | . 5 . 6 9 . 3 . . . Grunt 23 | . 7 . 14 . . 2 . . . Brawler 2 | . . . 1 . . 1 . . . Duelist 1 | . . . 1 . . . . . . Sentry 4 | . . . 4 . . . . . . Best Kill Streak 13 | . 6 . 13 4 . 5 . 2 2 Combat Bots Only 10 | . 6 . 10 3 . 3 . . . Max Kills in Single Turn 3 | . 2 . 3 3 . 1 . 1 1 Gunslinging . | . . . . . . . . . . Exploded 3 | . . . 3 3 . . . . . Melee . | . . . . . . . . . . Uniques/NPCs Destroyed . | . . . . . . . . . . Combat | -11 -10 -10 -9 -9 -9 -8 -8 -8 -7 -------- Run | Scr Mat Min Mat Min Exi Min Mat Sto Fac Damage Taken 3304 | . 594 . 1579 170 . 534 . 147 280 Core 451 | . 53 . 156 23 . 55 . 44 120 Absorbed by Shields . | . . . . . . . . . . Core Remaining (%) 77 | 100 . 78 . . . 41 . 92 . Volleys Fired 246 | . 52 . 102 8 . 25 1 58 . Largest 2 | . 2 . 2 2 . 2 1 1 . Hottest 123 | . 78 . 123 56 . 46 100 100 . Shots Fired 397 | . 104 . 168 16 . 50 1 58 . Gun 279 | . 60 . 156 13 . 50 . . . Cannon 44 | . 44 . . . . . . . . Launcher 13 | . . . 5 3 . . . 5 . Special 61 | . . . 7 . . . 1 53 . Kinetic 300 | . 99 . 138 13 . 50 . . . Thermal 84 | . 5 . 25 . . . 1 53 . Explosive 13 | . . . 5 3 . . . 5 . Electromagnetic . | . . . . . . . . . . Robot Hit Streak 18 | . 8 . 13 18 . 14 . 7 . Robot Miss Streak 6 | . 6 . 3 1 . 2 . 4 . Penetration Max . | . . . . . . . . . . Secondary Targets 4 | . 1 . 1 . . 2 . . . Max Gunslinging Chain 1 | . 1 . 1 . . 1 . . . Shots Hit Robots 263 | . 57 . 123 7 . 42 . 22 12 Core Hits 119 | . 24 . 57 10 . 15 . 9 4 Critical Hits 7 | . . . 2 . . . . 5 . Critical Kills 2 | . . . . . . . . 2 . Critical Parts Destroyed 3 | . . . 1 . . . . 2 . Melee Attacks 28 | . . . . . . . . . 28 Impact 28 | . . . . . . . . . 28 Slashing . | . . . . . . . . . . Piercing . | . . . . . . . . . . Sneak Attacks 5 | . . . . . . . . . 5 Combat Hostiles . | . . . . . . . . . . Follow-up Attacks . | . . . . . . . . . . Damage Inflicted 5546 | . 914 . 2616 486 . 583 . 277 670 Guns 2974 | . 610 . 1692 89 . 583 . . . Cannons 304 | . 304 . . . . . . . . Explosions 1214 | . . . 828 386 . . . . . Melee 670 | . . . . . . . . . 670 Ramming 11 | . . . . 11 . . . . . Kinetic 3102 | . 880 . 1550 89 . 583 . . . Thermal 549 | . 34 . 238 . . . . 277 . Explosive 1214 | . . . 828 386 . . . . . Electromagnetic . | . . . . . . . . . . Impact 670 | . . . . . . . . . 670 Slashing . | . . . . . . . . . . Piercing . | . . . . . . . . . . Highest Corruption 1 | . . . . . . . . 1 . Average Corruption 1 | . . . . . . . . 1 . Corruption Purged . | . . . . . . . . . . Overload Shots . | . . . . . . . . . . Overflow Damage 165 | . . . 30 2 . . . . 133 Projectiles . | . . . . . . . . . . Explosions 32 | . . . 30 2 . . . . . Melee 133 | . . . . . . . . . 133 Knockbacks 3 | . 2 . . . . . . . 1 Impact 1 | . . . . . . . . . 1 Kinetic 2 | . 2 . . . . . . . . Secondary . | . . . . . . . . . . Self-Inflicted Damage 38 | . . . 17 21 . . . . . Shots 2 | . . . 1 1 . . . . . Rammed 4 | . . . . 4 . . . . . Targets Rammed 4 | . . . . 4 . . . . . Kicked . | . . . . . . . . . . Crushed . | . . . . . . . . . . Highest Temperature 226 | . 226 . 34 2 . 27 14 30 1 Average Temperature 38 | . 89 . 9 1 . 11 11 10 1 Received Heat Transfer 1098 | . 246 . 546 . . 252 . 36 18 Siege Activations . | . . . . . . . . . . Robots Corrupted . | . . . . . . . . . . Combat Hostiles . | . . . . . . . . . . Parts Fried 4 | . . . . . . . . . 4 Impact Corruptions 3 | . . . . . . . . . 3 Robots Melted . | . . . . . . . . . . Combat Hostiles . | . . . . . . . . . . Parts Melted 4 | . . . 1 . . . . 3 . Heat Transferred 1525 | . 75 . 525 . . . . 925 . Parts Sabotaged . | . . . . . . . . . . Parts Stolen . | . . . . . . . . . . Parts Stripped . | . . . . . . . . . . Power Chain Reactions . | . . . . . . . . . . Missiles Intercepted . | . . . . . . . . . . Alert | -11 -10 -10 -9 -9 -9 -8 -8 -8 -7 ------- Run | Scr Mat Min Mat Min Exi Min Mat Sto Fac Peak Influence 599 | . 174 7 396 271 . 130 66 599 322 Initial 256 | . . 7 2 116 . . 50 27 256 Average 170 | . 59 7 170 212 . 74 64 307 226 Maximum Alert Level 2 | . . . 1 1 . . . 2 1 Low Security (%) 66 | 100 100 100 71 47 . 100 100 37 33 Level 1 24 | . . . 28 52 . . . 19 66 Level 2 8 | . . . . . . . . 43 . Level 3 . | . . . . . . . . . . Level 4 . | . . . . . . . . . . Level 5 . | . . . . . . . . . . High Security . | . . . . . . . . . . Max Security . | . . . . . . . . . . Squads Dispatched 10 | . 3 . 3 . . . . 3 1 Investigation 4 | . 1 . 1 . . . . 2 . Extermination 1 | . . . . . . . . . 1 Reinforcement 5 | . 2 . 2 . . . . 1 . Assault . | . . . . . . . . . . Garrison . | . . . . . . . . . . Intercept . | . . . . . . . . . . Construction Impeded . | . . . . . . . . . . Haulers Reinforced . | . . . . . . . . . . Stealth | -11 -10 -10 -9 -9 -9 -8 -8 -8 -7 --------- Run | Scr Mat Min Mat Min Exi Min Mat Sto Fac Distress Signals 10 | . 4 . 3 . . . 1 2 . Communications Jammed . | . . . . . . . . . . Distress Signals . | . . . . . . . . . . Times Spotted 124 | . 25 . 45 9 . 6 2 25 12 Peak Tracking Total 11 | . 5 . 6 3 . 3 3 7 11 Tactical Retreats 10 | . 3 . 1 . . . . 4 2 Traps | -11 -10 -10 -9 -9 -9 -8 -8 -8 -7 ------- Run | Scr Mat Min Mat Min Exi Min Mat Sto Fac Traps Triggered 4 | . 3 . 1 . . . . . . Indirectly . | . . . . . . . . . . Trap Hack Attempts . | . . . . . . . . . . Triggered . | . . . . . . . . . . Disarmed . | . . . . . . . . . . Reprogrammed . | . . . . . . . . . . Reused . | . . . . . . . . . . Traps Extracted . | . . . . . . . . . . Installed . | . . . . . . . . . . Triggered 1 | . . . . . . . . 1 . Machines | -11 -10 -10 -9 -9 -9 -8 -8 -8 -7 ---------- Run | Scr Mat Min Mat Min Exi Min Mat Sto Fac Machines Disabled 8 | . 1 . 3 . . . . 4 . Max in Single Turn 1 | . 1 . 1 . . . . 1 . Machines Sabotaged . | . . . . . . . . . . Garrisons Compromised . | . . . . . . . . . . Overloaded Fab Kills . | . . . . . . . . . . Fab Network Shutdowns . | . . . . . . . . . . Hacking | -11 -10 -10 -9 -9 -9 -8 -8 -8 -7 --------- Run | Scr Mat Min Mat Min Exi Min Mat Sto Fac Machines Accessed 9 | . . . . . . . . 8 1 Terminals 9 | . . . . . . . . 8 1 Fabricators . | . . . . . . . . . . Repair Stations . | . . . . . . . . . . Recycling Units . | . . . . . . . . . . Scanalyzers . | . . . . . . . . . . Garrison Access . | . . . . . . . . . . Total Hacks 33 | . . . . . . . . 31 2 Successful 15 | . . . . . . . . 13 2 Failed 17 | . . . . . . . . 17 . Catastrophic 1 | . . . . . . . . 1 . Database Lockouts 1 | . . . . . . . . 1 . Manual 2 | . . . . . 1 . . 1 . Terminals 33 | . . . . . . . . 31 2 Fabricators . | . . . . . . . . . . Repair Stations . | . . . . . . . . . . Recycling Units . | . . . . . . . . . . Scanalyzers . | . . . . . . . . . . Garrison Access . | . . . . . . . . . . Terminal Hacks 15 | . . . . . . . . 13 2 Record 7 | . . . . . . . . 6 1 Part Schematic 1 | . . . . . . . . 1 . Prototype ID Bank 2 | . . . . . . . . 1 1 Open Door 3 | . . . . . . . . 3 . Hauler Manifests 1 | . . . . . . . . 1 . Zone Layout 1 | . . . . . . . . 1 . Fabricator Hacks . | . . . . . . . . . . Repair Station Hacks . | . . . . . . . . . . Recycling Unit Hacks . | . . . . . . . . . . Scanalyzer . | . . . . . . . . . . Garrison Access Hacks . | . . . . . . . . . . Unauthorized Hacks . | . . . . . . . . . . Terminals . | . . . . . . . . . . Fabricators . | . . . . . . . . . . Repair Stations . | . . . . . . . . . . Recycling Units . | . . . . . . . . . . Scanalyzers . | . . . . . . . . . . Garrison Access . | . . . . . . . . . . Data Cores Recovered . | . . . . . . . . . . Used . | . . . . . . . . . . Hacking Detections 8 | . . . . . . . . 7 1 Full Trace Events 1 | . . . . . . . . 1 . Feedback Events 1 | . . . . . . . . 1 . Corruption 1 | . . . . . . . . 1 . Feedback Blocked . | . . . . . . . . . . Robot Schematics Acquired . | . . . . . . . . . . Robots Built . | . . . . . . . . . . Matter . | . . . . . . . . . . Time . | . . . . . . . . . . Total Robot Build Rating . | . . . . . . . . . . Part Schematics Acquired 1 | . . . . . . . . 1 . Parts Built . | . . . . . . . . . . Matter . | . . . . . . . . . . Time . | . . . . . . . . . . Total Part Build Rating . | . . . . . . . . . . Parts Repaired . | . . . . . . . . . . Time . | . . . . . . . . . . Parts Recycled . | . . . . . . . . . . Recycled Matter . | . . . . . . . . . . Retrieved Matter . | . . . . . . . . . . Retrieved Components . | . . . . . . . . . . Parts Scanalyzed . | . . . . . . . . . . Part Schematics Acquired . | . . . . . . . . . . Parts Damaged . | . . . . . . . . . . Bothacking | -11 -10 -10 -9 -9 -9 -8 -8 -8 -7 ------------ Run | Scr Mat Min Mat Min Exi Min Mat Sto Fac Used RIF Installer . | . . . . . . . . . . Robots Hacked . | . . . . . . . . . . Non-combat . | . . . . . . . . . . Combat . | . . . . . . . . . . Robot Hacks Applied . | . . . . . . . . . . Relay Couplers Released . | . . . . . . . . . . Robots Rewired . | . . . . . . . . . . Allies Hacked . | . . . . . . . . . . Hacks Repelled . | . . . . . . . . . . Allies | -11 -10 -10 -9 -9 -9 -8 -8 -8 -7 -------- Run | Scr Mat Min Mat Min Exi Min Mat Sto Fac Total Allies 11 | . . . . . . . . 11 . Largest Group 11 | . . . . . . . . 11 . Highest-Rated Group 267 | . . . . . . . . 267 . Highest-Rated Ally 99 | . . . . . . . . 99 . Total Orders 6 | . . . . . . . . 6 . ROAM 1 | . . . . . . . . 1 . EXPLORE 4 | . . . . . . . . 4 . RETURN 1 | . . . . . . . . 1 . Ally Attacks 116 | . . . . . . . . 116 . Total Damage 2736 | . . . . . . . . 2736 . Kills 31 | . . . . . . . . 31 . Allies Corrupted . | . . . . . . . . . . Allies Melted 1 | . . . . . . . . 1 . Intel | -11 -10 -10 -9 -9 -9 -8 -8 -8 -7 ------- Run | Scr Mat Min Mat Min Exi Min Mat Sto Fac Robot Analysis Total . | . . . . . . . . . . Derelict Logs Recovered 3 | . . 1 . 2 . . . . . Drone Launches 16 | . . . . . . . . 16 . Drone Recoveries 4 | . . . . . . . . 4 . Exploration | -11 -10 -10 -9 -9 -9 -8 -8 -8 -7 ------------- Run | Scr Mat Min Mat Min Exi Min Mat Sto Fac Turns Passed 5766 | 2 1077 344 1248 623 601 170 78 1018 605 Spaces Moved 4604 | 1 618 219 593 361 367 79 93 1101 1172 Core 68 | . . . . . . . . 68 . Treads 1079 | . . . 334 361 367 17 . . . Legs 1097 | 1 618 219 259 . . . . . . Wheels . | . . . . . . . . . . Hover . | . . . . . . . . . . Flight 2360 | . . . . . . 62 93 1033 1172 Fastest Speed 31 | 120 120 150 120 160 160 34 34 34 31 Average Speed 88 | 120 131 150 149 160 160 61 34 41 31 Slowest Speed 180 | 120 180 150 180 160 160 160 34 150 114 Overloaded Moves . | . . . . . . . . . . Propulsion Burnouts . | . . . . . . . . . . Robots Hopped 9 | . . . . . . 1 . 8 . Cave-ins Triggered . | . . . . . . . . . . Exploration Rate (%) 52 | 2 95 49 64 84 86 17 9 91 31 Regions Visited 9 Branch Regions 5 Pre-discovered Areas 2 | . . 1 . 1 . . . . . Known Exits Taken 6 | . 1 1 1 1 1 1 . . . Unknown Exits Taken 3 | 1 . . . . . . 1 1 . Scrap Searched 2 | . . . . 2 . . . . . Spaces Dug 40 | . . . . . . . 1 28 11 Terrain Destroyed 113 | . 4 . 32 33 . . 1 32 11 Melee 11 | . . . . . . . . . 11 Projectile 9 | . 4 . 1 . . . 1 3 . AOE 93 | . . . 31 33 . . . 29 . Terrain Rammed . | . . . . . . . . . . Walls Destroyed . | . . . . . . . . . . Machines Disabled . | . . . . . . . . . . Actions | -11 -10 -10 -9 -9 -9 -8 -8 -8 -7 --------- Run | Scr Mat Min Mat Min Exi Min Mat Sto Fac Total 5762 | 4 779 235 773 388 381 156 135 1535 1376 Wait 704 | . 73 15 26 2 7 32 42 351 156 Move 4577 | . 617 218 592 360 366 76 92 1084 1172 Hop 9 | . . . . . . 1 . 8 . Pick Up 23 | . 8 1 3 3 . 3 . 1 4 Fast Attach 47 | . 13 . 13 2 4 2 . 8 5 Attach 15 | . . . 3 . . 8 . 3 1 Detach 5 | . . . 2 . . . . 3 . Swap 29 | . 3 . 19 4 . . . 1 2 Drop 64 | 4 13 1 13 5 4 9 . 7 8 Fire 246 | . 52 . 102 8 . 25 1 58 . Melee 28 | . . . . . . . . . 28 Ram . | . . . . . . . . . . Kick . | . . . . . . . . . . Crush 4 | . . . . 4 . . . . . Escape Stasis . | . . . . . . . . . . Rewire 4 | . . . . . . . . 4 . Trap . | . . . . . . . . . . Miscellaneous 7 | . . . . . . . . 7 . Route ------- -11/Scrapyard -10/Materials (discovered 5 exits: *Mat x3 / *Min x2) -10/Mines -9/Materials (discovered 3 exits: *Mat x2 / *Min) -9/Mines (discovered 2 exits: *Mat / *Exi) -9/Exiles (discovered 2 exits: *Min x2) -8/Mines -8/Materials -8/Storage -7/Factory (discovered 2 exits: [*Fac] / Low) History --------- Turn | Location | Event 3 | -11/Scrapyard | Discovered new exit (range 0) 3 | -11/Scrapyard | Entered Materials 73 | -10/Materials | Discovered new exit (range 15) 95 | -10/Materials | Identified exit to Mines 208 | -10/Materials | Discovered new exit (range 10) 231 | -10/Materials | Identified exit to Materials 285 | -10/Materials | Discovered exit to Mines (range 14) 316 | -10/Materials | Build established: Mutant 460 | -10/Materials | Discovered exit to Materials (range 14) 839 | -10/Materials | Discovered exit to Materials (range 16) 1080 | -10/Materials | Entered Mines 1087 | -10/Mines | Received a Rocket Launcher from a helpful Derelict 1163 | -10/Mines | Met a Derelict bent on vengeance 1332 | -10/Mines | Discovered exit to Materials (range 10) 1424 | -10/Mines | Entered Materials 1424 | -9/Materials | Evolved 2 slots: Propulsion x1, Utility x1 1677 | -9/Materials | Lost 3 parts (1n1u1w) 1730 | -9/Materials | Build established: Scavenger-Mutant 1834 | -9/Materials | Discovered new exit (range 10) 1993 | -9/Materials | Lost 4 parts (2n2w) 2392 | -9/Materials | Discovered new exit (range 4) 2399 | -9/Materials | Identified exit to Materials 2514 | -9/Materials | Build established: Mutant 2551 | -9/Materials | Destroyed 10 combat bots 2601 | -9/Materials | Discovered new exit (range 15) 2670 | -9/Materials | Identified exit to Mines 2672 | -9/Materials | Entered Mines 2672 | -9/Mines | Discovered exit to Materials (range 6) 2694 | -9/Mines | Learned Materials terminal intel 3107 | -9/Mines | Learned location of Storage (-8) 3288 | -9/Mines | Deemed a non-threat by the Exiles lab entrance 3288 | -9/Mines | Discovered new exit (range 5) 3293 | -9/Mines | Identified exit to Exiles 3295 | -9/Mines | Entered Exiles 3319 | -9/Exiles | Discovered new exit (range 15) 3337 | -9/Exiles | Met 8R-AWN 3364 | -9/Exiles | Met EX-HEX 3409 | -9/Exiles | Met EX-BIN 3431 | -9/Exiles | Aligned with FarCom system 3433 | -9/Exiles | Given EX-Vault access code 3470 | -9/Exiles | Opened EX-Vault 3483 | -9/Exiles | Found Prototype Leg 3483 | -9/Exiles | Identified Potential Leg 3502 | -9/Exiles | Found Prototype Energy Cannon 3502 | -9/Exiles | Identified Latent Energy Streamer 3539 | -9/Exiles | Warned to stay clear of 0b10 Research branches 3589 | -9/Exiles | Met EX-DEC 3644 | -9/Exiles | Visited The Gauntlet 3877 | -9/Exiles | Discovered new exit (range 14) 3894 | -9/Exiles | Identified exit to Mines 3896 | -9/Exiles | Entered Mines 3905 | -8/Mines | Core integrity fell below 50% 3967 | -8/Mines | Lost 3 parts (2n1w) 4036 | -8/Mines | Discovered exit to Materials (range 13) 4066 | -8/Mines | Entered Materials 4066 | -8/Materials | Evolved 2 slots: Power x1, Utility x1 4067 | -8/Materials | Loaded intel: 12 terminal locations 4070 | -8/Materials | Discovered new exit (range 16) 4144 | -8/Materials | Entered Storage 4155 | -8/Storage | Met 01-MTF 4185 | -8/Storage | Central database locked down 4327 | -8/Storage | Build established: Scout 4602 | -8/Storage | Discovered new exit (range 16) 4613 | -8/Storage | Assisted by bots powering up and referring to "LRC-V3" 5129 | -8/Storage | Build established: Scavenger-Scout 5162 | -8/Storage | Entered Factory 5162 | -7/Factory | Evolved 2 slots: Propulsion x1, Utility x1 5163 | -7/Factory | Identified exit to Lower Caves 5402 | -7/Factory | Discovered new exit (range 10) 5767 | -7/Factory | Self-destructed Last Messages --------------- 05481_ Acquired 40 matter. 05482_ K-01 Serf collects debris. 05517_ Sneak attack on W-25 Informer. 05517_ W-25 Informer destroyed. [Achievement: Watch This!] 05543_ K-01 Serf cleans the Nuclear Reactor. 05570_ Dropped Hvy. Mace. 05572_ Acquired Powered Hammer. 05610_ Sneak attack on A-02 Transporter. 05627_ Destroyed Transport Network Coupler. 05627_ A-02 Transporter system corrupted by crushing effect. 05632_ A-02 Transporter destroyed. 05645_ K-01 Serf collects debris. 05660_ Dropped Rocket Launcher. 05661_ Acquired Mic. Nuclear Core. 05662_ ALERT: Rogue bot located, Programmers report to Factory Zone 2K. 05722_ Dropped Flight Unit. 05754_ The unstable cave ceiling collapses. 05763_ Xenon Bombardment Thruster destroyed. 05764_ Flight Unit destroyed. Map ----- +----------------------------------------------------+ | ????????????????????????????????????????#???# | | ????????????????????????????????????????????# | | ????????????????????????????????????????#???# | | ??????????????????????????????????????????#?# | | ?????????????????????????????????????? ?######+## | | ??????????????????????????????????#??????# | | ?????????????????????????????????????? ??# | | ?????????????????????????????????????????# """ "" | | ?????????????????????????????????????????# """ "" | | ???????????????????????????????????????### """ "" | | ?????????????????????????????????????????# | | ??????????????????? ?????????????? ? ???## """ "" | | ?????????????????????#??????? ?????? ????#! """ "" | | ????????????????????????????/ ??? ???????# """ "" | | ????????????????????#???##?#???"? "??????# | | ???????????????#?????????? ? ???????????# | | ????????????????????? ?? ????"""??????#?# ] | | ?????????????#?#?#?????? ? ?? ???????????######### | | ?????????????#????? ??????????????????????##?????? | | ?????????????????????#?#???#??? ?? ??????????????? | | ???????????? ? ? ????? ???? ????????? #???????? | | ??????????????#??###????????? ???? ?????????????? | | ???????????? ????#????????????????? ???????? ????? | | ???????????"????##########???????"? ???????????""" | | ?????????????##?# gs ###? ?"?????????????????? | | ???????????"?#??# gg s# @#?#????????????????????? | | ???????????"???##b" "g #s##?? ?""????"???????????? | | ???????????? +g + "R" gg##??#? ?????????????????"? | | ????? ?????? #### """ ####?# ? ? ????????? ???"? | | ????? ???? ?#?## #?#??? ???? ????????????? | | ????? ????? ?#??####+####???? ?????? ????????????? | | ????#/#???+??#?##?## ##?#??#?#??+????????####/# | | ????# ?#?# #??#?##?# #????#? ?? ??????? | | ????# ???# ######### #?#???????? ????? | | ??? # ???# ## # #?#??????????????? | | ?"??# #?## ## # ##+####??????????? ?? | | ????# ##?# ## # # #??#? ???????? ? | | ????# #?## ## """ # # #? ????????????######+# | | ????# #?## ## """ # # #?????#?????????# | | ##### ### # """ # # #????#?????#????# | | ! # / # # !#???????????????# | | # # " # #???????????????# ] | | # ########### # #######?????????# """" | | "" + + # #?????????# """" | | "" # ############## # # #??????#?## """" | | "" # #??#????######+###### # #???#???# """" | | ##### ##???????# ## #?##?#???## """" | | ????# ##??#??#?# "" ## #???????#?# """" | | ??### ###??????# "F ## #???????#?# """" | | #?# #?#????# """ """ #? #???????### | +----------------------------------------------------+ Best States ------------- Heat Dissipation 34 Energy Generation 25 Energy Capacity 265 Matter Stores 300 Matter Capacity 300 Sight Range 16 Robot Scan Range 10 Terrain Scan Range 14 Terrain Scan Density 85 Utility Shielding 66 Evasion (%) 63 Recoil Reduction 3 Item Schematics ----------------- Com. Matter Pod | -8/Storage | Hacked Robot Schematics ------------------ None Fabricated ------------ Nothing Alien Tech Used ----------------- None Achievements -------------- Watch This! Challenges ------------ None Game ------ Seed GaussSmartbombDrive Manual? 0 Play Time 01:08:53 Cumulative 42.5 hours Start 2020.09.26 @ 23:43:37 End 2020.09.27 @ 00:56:51 Sessions 1 Manual Loads 0 Difficulty Rogue Special Mode None Game No. 51 Rogue 51 Adventurer 0 Explorer 0 Win Type - Total 0 Types 0/0/0/0/0/0/0/0/0 Lore% 24 Gallery% 40 Achievement% 28 Wizard Run 0 Options --------- ASCII 0 Keyboard 0 Movement Mouse Keybinds 0 Fullscreen 1 Font 18/SmallcapsGlow Map View 76x50 Tactical HUD 1 Map Filters NONE Filters NONE Steam 1 RUN: 2c199e43-22bb-44d0-b0e7-7a42fa96ef14